 Dungeon Crawl Stone Soup version 0.21.1-1-g345015fe64 (webtiles) character file.

58 Ivernyr the Charmwright (level 3, -2/28 HPs)
             Began as a Demonspawn Skald on Apr 29, 2018.
             Slain by a gnoll
             ... wielding a +0 halberd
              (4 damage)
             ... on level 2 of the Dungeon.
             The game lasted 00:03:44 (961 turns).

Ivernyr the Charmwright (Demonspawn Skald)           Turns: 961, Time: 00:03:44

Health: -2/28      AC:  3    Str: 11    XL:     3   Next: 75%
Magic:  3/6        EV: 12    Int: 14    God:
Gold:   0          SH:  0    Dex: 13    Spells: 1/6 levels left

rFire    . . .     SeeInvis .   a - +0 falchion
rCold    . . .     Gourm    .   (no shield)
rNeg     . . .     Faith    .   b - +0 leather armour
rPois    .         Spirit   .   (helmet restricted)
rElec    .         Reflect  .   (no cloak)
rCorr    .         Harm     .   (no gloves)
MR       .....                  (no boots)
Stlth    +.........             (no amulet)
HPRegen  0.09/turn              (no ring)
MPRegen  0.10/turn              (no ring)

@: singing
A: horns 1, powered by death 1
a: no special abilities


You were on level 2 of the Dungeon.
You were not hungry.

You visited 1 branch of the dungeon, and saw 2 of its levels.

Inventory:

Hand Weapons
 a - a +0 falchion (weapon)
Armour
 b - a +0 leather armour (worn)
Jewellery
 h - an uncursed ring of positive energy {unknown}
Scrolls
 e - a scroll of identify {unknown}
 g - 3 scrolls of fog {unknown}
 i - a scroll of immolation {unknown}
 j - 2 scrolls of enchant weapon {unknown}
 l - a scroll of noise {unknown}
Potions
 f - a potion of magic {unknown}
 k - a potion of degeneration {unknown}
Books
 c - a book of Battle

   Spells                             Type                      Level
   a - Infusion                       Charms                       1
   b - Shroud of Golubria             Charms/Translocation         2
   c - Song of Slaying                Charms                       2
   d - Spectral Weapon                Hexes/Charms                 3
   e - Regeneration                   Charms/Necromancy            3
Comestibles
 d - a ration


   Skills:
 + Level 2.5 Fighting
 + Level 2.2 Long Blades
 * Level 2.2 Armour
 - Level 1.7 Dodging
 - Level 2.0 Spellcasting
 + Level 3.0 Charms


You had one spell level left.
You knew the following spells:

 Your Spells              Type           Power        Failure   Level  Hunger
a - Shroud of Golubria    Chrm/Tloc      #.........   26%         2    ###....
b - Song of Slaying       Chrm           ##......     13%         2    ###....
c - Infusion              Chrm           ##..         9%          1    ##.....


Dungeon Overview and Level Annotations

Branches:
Dungeon (2/15)

Altars:

Annotations:
D:2 Sigmund


Innate Abilities, Weirdness & Mutations

You have a pair of small horns on your head.
You regenerate a little health from kills.


Message History

The gnoll completely misses you. The gnoll hits you with a flail!
You hit the gnoll.
You headbutt the gnoll, but do no damage.
The gnoll is almost dead.
The gnoll closely misses you. The gnoll barely misses you.
The gnoll hits you but does no damage.
You closely miss the gnoll.
You kill the gnoll!
The gnoll closely misses you.
Your shroud bends the gnoll's attack away.
Your shroud unravels.
The gnoll closely misses you. The gnoll barely misses you.
You hit the gnoll.
The gnoll is moderately wounded.
The gnoll hits you from afar with a halberd!
Ouch! That really hurt!
* * * LOW HITPOINT WARNING * * *
The gnoll misses you.
The gnoll hits you from afar with a halberd.
You die...

##<##.#.#.. ..
#.##.#.####...
#...........
###....####...
#..........#
#####)...#####.
#(.........<.....#
#######.#.######.#
.......@.(?.#
#####.#.###.#
#.#g# #.#g# #....
##.## #.# #.# ...


You could see 2 gnolls.

Vanquished Creatures
  An adder (D:2)
  A gnoll (D:2)
  A worm (D:2)
  A dart slug (D:1)
  A leopard gecko (D:1)
  5 giant cockroaches (D:1)
  A goblin (D:1)
  5 hobgoblins (D:1)
  6 jackals (D:1)
  2 bats (D:1)
  3 kobolds
  3 rats
30 creatures vanquished.

Notes
Turn   | Place    | Note
-------+----------+-------------------------------------------
     0 | D:1      | Ivernyr the Demonspawn Skald began the quest for the Orb.
     0 | D:1      | Reached XP level 1. HP: 16/16 MP: 3/3
    26 | D:1      | Reached skill level 1 in Armour
   166 | D:1      | Gained mutation: You regenerate a little health from kills. [demonic ancestry]
   166 | D:1      | Reached XP level 2. HP: 22/22 MP: 5/5
   171 | D:1      | Learned a level 2 spell: Song of Slaying
   174 | D:1      | Learned a level 2 spell: Shroud of Golubria
   626 | D:1      | Gained mutation: You have a pair of small horns on your head. [demonic ancestry]
   626 | D:1      | Reached XP level 3. HP: 28/28 MP: 2/6
   855 | D:2      | Reached skill level 3 in Charms
   919 | D:2      | Noticed Sigmund
   961 | D:2      | Slain by a gnoll

Skill      XL: |  1  2  3 |
---------------+----------+-----
Armour         | 1 2 |  2.2
Long Blades    | 2 |  2.2
Charms         | 3 |  3.0
Fighting       | |  2.5
Dodging        | |  1.7
Spellcasting   | |  2.0

Action                   || total
-------------------------++-------
Melee: Falchion          ||    92
       Headbutt          ||     9
 Cast: Shroud of Golubri ||     8
       Song of Slaying   ||     1
  Eat: Chunk             ||     1
Armor: Leather armour    ||    32
Dodge: Dodged            ||    66
       Rpst.: Falchion   ||    24
